 Dungeon Crawl Stone Soup version 0.28-a0-991-g956f0ee3d5 (webtiles) character file.

Game seed: 5283739744152501071

23 Crownlay the Digger (level 2, 0/15 HPs)
             Began as a Gargoyle Earth Elementalist on Dec 4, 2021.
             Slain by a goblin (3 damage)
             ... led by Robin
             ... on level 2 of the Dungeon.
             The game lasted 00:01:24 (1655 turns).

Crownlay the Digger (Gargoyle Earth Elementalist)   Turns: 1655, Time: 00:01:25

Health: 0/15       AC:  4    Str: 11    XL:     2   Next: 95%
Magic:  14/14      EV: 12    Int: 15    God:
Gold:   38         SH:  0    Dex: 10    Spells: 5/6 levels left

rFire   . . .      SeeInvis .   f - +0 dagger (venom)
rCold   . . .      Faith    .   (no shield)
rNeg    + . .      Spirit   .   b - +0 robe
rPois   ∞          Reflect  .   (no helmet)
rElec   +          Harm     .   (no cloak)
rCorr   .          Rampage  .   (no gloves)
Will    .....                   (no boots)
Stlth   ++........              (no amulet)
HPRegen 0.05/turn               d - ring of magical power
MPRegen 0.14/turn               (no ring)

@: no status effects
A: sickness immunity, AC +2, negative energy resistance 1, electricity
resistance, torment resistance 1, petrification resistance
a: no special abilities


You were on level 2 of the Dungeon.
You visited 1 branch of the dungeon, and saw 2 of its levels.

You collected 38 gold pieces.

Inventory:

Hand Weapons
 f - a +0 dagger of venom (weapon)
Missiles
 c - 44 stones
Armour
 b - a +0 robe (worn)
Jewellery
 d - a ring of magical power (left hand)
Scrolls
 a - a scroll of enchant armour {unknown}
 e - 3 scrolls of identify {unknown}
Potions
 g - a potion of brilliance {unknown}


   Skills:
 - Level 1.7 Dodging
 - Level 2.4 Stealth
 * Level 2.5 Spellcasting
 - Level 1.0 Transmutations
 + Level 4.0 Earth Magic


You had 5 spell levels left.
You knew the following spells:

 Your Spells              Type           Power      Damage    Failure   Level
a - Sandblast             Erth           26%        2d8       4%          1

Your spell library contained the following spells:

 Spells                   Type           Power      Damage    Failure   Level
 Passwall                 Tmut/Erth      7%         N/A       12%         2
 Stone Arrow              Conj/Erth      14%        3d7       28%         3
 Petrify                  Tmut/Erth      9%         N/A       58%         4


Dungeon Overview and Level Annotations

Branches:
Dungeon (2/15)

Altars:

Annotations:
D:2 Robin


Innate Abilities, Weirdness & Mutations

You are immune to sickness and miasma.
Your stone body is resilient. (AC +2)
You are immune to poison.
You resist negative energy. (rN+)
You are resistant to electric shocks. (rElec)
You are resistant to unholy torment.
You are immune to petrification.


Message History

You hit the worm.
The worm is poisoned.
The worm is severely wounded.
The worm barely misses you.
You hit the worm but do no damage.
The worm looks even sicker.
The worm is severely wounded.
You hit the worm.
The worm looks as sick as possible!
The worm is almost dead.
You kill the worm!
Your Earth Magic skill increases to level 4!
Magic restored.
A goblin comes into view. It is wielding a +0 dagger.
A hobgoblin comes into view.
The goblin shouts!
You hear a shout! x5
A goblin comes into view. It is wielding a +0 dagger.
You hear a shout! 2 goblins come into view.
The goblin shouts! x2
Found a stone staircase leading down.
The hobgoblin barely misses you.
You barely miss the goblin.
Robin of the Strong Arm comes into view.
They are wielding a +0 mace.
The goblin completely misses you. The goblin hits you with a +0 dagger.
The hobgoblin barely misses you. Robin throws the goblin at you!
You closely miss the goblin. The goblin misses you. x2
The goblin hits you but does no damage. The goblin misses you.
A hobgoblin comes into view.
The hobgoblin closely misses you.
Robin roars a battlecry!
The goblins go into a battle-frenzy!
You hear a shout! x2
You hit the goblin but do no damage.
The goblin is poisoned.
You hear an angry hiss.
The goblin closely misses you. The goblin hits you with a +0 dagger.
The goblin hits you but does no damage. x2; The hobgoblin barely misses you.
You barely miss the goblin.
A goblin comes into view. It is wielding a +0 club.
The goblin hits you with a +0 club. The goblin completely misses you.
The goblin hits you with a +0 dagger.
* * * LOW HITPOINT WARNING * * *
The goblin hits you with a +0 dagger.
You die...

#.##........ ..
####........... ...
#....#......... ...
#....#......... #.#
#....##........ #..#
##....###....... #..#
#..##..###.....#
#gg##.####...##.....
#g@g.# ###.##.####
#gggg### #.##.# ##.g..
## #.#..# #......
...##.#.## #.......>
#......##
.^.........####....####
###.........# ##....[..
#.........## #.###.##
...# #.# ...


You could see Robin, 2 hobgoblins and 6 goblins.

Vanquished Creatures
  A worm (D:2)
  3 ball pythons (D:1)
  A giant cockroach (D:1)
  4 goblins
  3 hobgoblins (D:1)
  A quokka (D:1)
  3 bats
  2 frilled lizards (D:1)
18 creatures vanquished.

Notes
Turn   | Place    | Note
-------+----------+-------------------------------------------
     0 | D:1      | Crownlay the Gargoyle Earth Elementalist began the quest
                  | for the Orb.
     0 | D:1      | Reached XP level 1. HP: 10/10 MP: 3/3
   616 | D:1      | Reached skill level 1 in Transmutations
   616 | D:1      | Reached XP level 2. HP: 15/15 MP: 5/5
   994 | D:1      | Found a faded altar of an unknown god.
  1623 | D:2      | Reached skill level 4 in Earth Magic
  1652 | D:2      | Noticed Robin
  1655 | D:2      | Slain by a goblin

Illustrated notes

Levels and vault maps discovered:
D:1:      dpeg_arrival_signposts, layout_loops_ring,
          nicolae_ecumenical_snake_handling, amethyst_killhole
D:2:      layout_rooms, uniq_crazy_yiuf_cottage, uniq_robin

Skill      XL: |  1  2 |
---------------+-------+-----
Transmutations | 1 |  1.0
Earth Magic    | 4 |  4.0
Dodging        | |  1.7
Stealth        | |  2.4
Spellcasting   | |  2.5

Action                   || total
-------------------------++-------
Melee: Club              ||    40
       Dagger            ||    31
 Cast: Sandblast         ||    12
 Stab: Sleeping          ||     2
Armor: Robe              ||    29
Dodge: Dodged            ||    73

Table legend: (Time is in decaauts)
 A = Elapsed time spent in this place.
 B = Non-inter-level travel time spent in this place.
 C = Inter-level travel time spent in this place.
 D = Time resting spent in this place.
 E = Time spent auto-exploring this place.
 F = Levels seen in this place.
 G = Mean time per level.
                   A        B        C        D        E       F      G
               +--------+--------+--------+--------+--------+-----+--------+
         Total |   1664 |   1636 |     28 |      0 |   1456 |   2 |  832.0 |
       Dungeon |   1664 |   1636 |     28 |      0 |   1456 |   2 |  832.0 |
               +--------+--------+--------+--------+--------+-----+--------+

Top non-repeatable levels by time:
     D:1: 1548 daAuts
     D:2: 116 daAuts
